AoeStats
← CapPopaye

Enclosed

506059005Analyzed
1v1 RM · 21d ago on Sep 12, 2026· 54m 29s· 2 players
Game mode
Random Map
Map size
Tiny (2 player)
Population
200
Speed
Normal
Resources
Standard
Victory
Conquest
Starting age
Dark Age
Ending age
Imperial Age
RankedLock teamsTeams togetherTeam positionsShared explorationLock speedFull tech treeHidden civsTurbo modeCheats
Victory
Defeat
🇫🇷 Berbers · France
902
+17
🇺🇸 Franks · United States
930
-17
Lonach
7:41 Loom
11:29 Feudal Age
18:03 Castle Age
16:52 Scale Barding Armor
16:55 Double-Bit Axe
18:12 Forging
18:07 Gold Mining
20:42 Husbandry
23:22 Wheelbarrow
24:42 Bow Saw
26:38 Stone Mining
27:55 Town Watch
28:39 Hand Cart
30:50 Chain Barding Armor
31:06 Iron Casting
33:39 Town Patrol
34:19 Scale Mail Armor
35:04 Fletching
35:57 Pikeman
36:59 Bodkin Arrow
38:17 Scale Mail Armor
39:00 Gambesons
40:22 Chain Mail Armor
52:50 Imperial Age
53:05 Gold Shaft Mining
52:58 Halberdier
54:41 Blast Furnace
54:14 Plate Mail Armor
54:45 Blast Furnace
53:40 Halberdier
CapPopaye
9:26 Feudal Age
9:53 Double-Bit Axe
9:56 Horse Collar
10:06 Double-Bit Axe
12:43 Loom
14:28 Wheelbarrow
20:50 Castle Age
19:02 Loom
20:44 Scale Barding Armor
22:44 Husbandry
23:05 Forging
24:00 Heavy Plow
24:12 Bow Saw
25:21 Gold Mining
27:21 Gold Shaft Mining
27:01 Bloodlines
27:34 Hand Cart
28:06 Light Cavalry
30:29 Iron Casting
30:14 Chain Barding Armor
35:44 Town Watch
39:59 Town Patrol
46:06 Imperial Age
46:08 Cavalier
46:08 Hussar
46:08 Heavy Camel Rider
47:29 Plate Barding Armor
47:54 Blast Furnace
49:31 Chemistry
48:11 Capped Ram
49:01 Capped Ram
50:49 Crop Rotation
51:02 Padded Archer Armor
51:20 Siege Engineers
51:08 Treadmill Crane
51:40 Masonry
Connection lost

Rejoining the realm…

Still unreachable

The connection could not be restored.

Session expired

The server has moved on; the page needs a fresh start.